 Dungeon Crawl Stone Soup version 0.30-a0-476-g330ca2eb8e (webtiles) character file.

Game seed: 8885829515938821286

184 NinjaNoafa the Grasshopper (level 5, -1/43 HPs)
             Began as a Gnoll Warper on Dec 22, 2022.
             Was an Initiate of Cheibriados.
             Slain by a bullfrog (5 damage)
             ... on level 4 of the Dungeon.
             The game lasted 00:19:45 (3224 turns).

NinjaNoafa the Grasshopper (Gnoll Warper)           Turns: 3224, Time: 00:19:46

Health: -1/43      AC:  2    Str: 14    XL:     5   Next: 63%
Magic:  0/12       EV: 13    Int: 19    God:    Cheibriados [......]
Gold:   261        SH:  0    Dex: 12    Spells: 1/14 levels left

rFire   . . .      SeeInvis .    h - staff of conjuration
rCold   . . .      Faith    .    (no shield)
rNeg    . . .      Spirit   .    t - +0 robe
rPois   .          Reflect  .    (no helmet)
rElec   .          Harm     .    (no cloak)
rCorr   .          Rampage  .    (no gloves)
Will    .....                    (no boots)
Stlth   ++........               (no amulet)
HPRegen 0.27/turn                n - +6 ring of intelligence
MPRegen 0.13/turn                q - ring of flight

@: on blink cooldown, flying, very slow
A: fangs 1, strong nose, distributed training
a: Renounce Religion


You were on level 4 of the Dungeon.
You worshipped Cheibriados.
Cheibriados was noncommittal.
You visited 1 branch of the dungeon, and saw 4 of its levels.

You collected 261 gold pieces.

Inventory:

Hand Weapons
 f - a +0 flail
Missiles
 a - 8 stones
 d - 7 boomerangs of dispersal
 k - 3 boomerangs (quivered)
Armour
 t - a +0 robe (worn)
Magical Staves
 h - a staff of conjuration (weapon)
Jewellery
 n - a +6 ring of intelligence (left hand)
 q - a ring of flight (right hand)
Wands
 w - a wand of quicksilver (12)
Scrolls
 b - a scroll of teleportation {unknown}
 c - 3 scrolls of blinking
 i - a scroll of poison {unknown}
 j - a scroll of enchant armour {unknown}
 m - 2 scrolls of identify {unknown}
 p - a scroll of fog {unknown}
 v - a scroll of amnesia {unknown}
 x - 2 scrolls of summoning {unknown}
Potions
 e - a potion of berserk rage {unknown}
 l - a potion of brilliance
 o - a potion of might {unknown}
 r - a potion of attraction {unknown}
 s - a potion of heal wounds {unknown}
 u - a potion of mutation {unknown}


   Skills:
 + Level 4.8 Fighting
 + Level 1.6 Short Blades
 + Level 1.6 Long Blades
 + Level 1.6 Axes
 + Level 4.8 Maces & Flails
 + Level 1.6 Polearms
 + Level 1.6 Staves
 + Level 1.6 Ranged Weapons
 + Level 3.1 Throwing
 + Level 3.1 Armour
 + Level 4.8 Dodging
 + Level 1.6 Stealth
 + Level 1.6 Shields
 + Level 1.6 Unarmed Combat
 + Level 5.2 Spellcasting
 + Level 1.3 Conjurations
 + Level 1.3 Hexes
 + Level 1.3 Summonings
 + Level 1.3 Necromancy
 + Level 5.6 Translocations
 + Level 1.3 Transmutations
 + Level 1.3 Fire Magic
 + Level 1.3 Ice Magic
 + Level 1.3 Air Magic
 + Level 1.3 Earth Magic
 + Level 1.3 Poison Magic
 + Level 1.9 Invocations
 + Level 1.6 Evocations


You had one spell level left.
You knew the following spells:

 Your Spells              Type           Power      Damage    Failure   Level
a - Blink                 Tloc           52%        N/A       1%          2
b - Lesser Beckoning      Tloc           52%        N/A       3%          3
c - Teleport Other        Tloc           26%        N/A       3%          3
d - Vhi's Electric Charg  Tloc/Air       36%        N/A       9%          3
e - Searing Ray           Conj           30%        2d5       11%         2

Your spell library contained the following spells:

 Spells                   Type           Power      Damage    Failure   Level
 Magic Dart               Conj           60%        1d6       7%          1
 Manifold Assault         Tloc           26%        N/A       12%         4
 Fulminant Prism          Conj/Hex       7%         3d7       56%         4


Dungeon Overview and Level Annotations

Branches:
Dungeon (4/15)
 Temple: D:4-7

Altars:
Ashenzari
Cheibriados
Dithmenos
Gozag
Makhleb
Nemelex Xobeh
Ru
Trog
Uskayaw
Wu Jian
Zin
The Shining One


Innate Abilities, Weirdness & Mutations

You have very sharp teeth.
Your uncanny sense of smell can sniff out nearby items.
Your experience applies equally to all skills.


Message History

Aiming: Teleport Other (dangerous; 3% risk of failure)
Press: ? - help, Shift-Dir - straight line, f/p - bullfrog
Aim: a bullfrog (heavily wounded, chance to affect: 66%)
The bullfrog looks slightly unstable.
The bullfrog hits you but does no damage.
You miss the bullfrog.
The bullfrog is heavily wounded.
The bullfrog disappears!
You now have 261 gold pieces (gained 16).
A bullfrog is nearby!
Casting: Teleport Other (dangerous; 3% risk of failure)
Confirm with . or Enter, or press ? or * to list all spells.
You don't have enough magic to cast this spell.
Casting: Teleport Other (dangerous; 3% risk of failure)
Confirm with . or Enter, or press ? or * to list all spells.
You don't have enough magic to cast this spell.
Casting: Teleport Other (dangerous; 3% risk of failure)
Confirm with . or Enter, or press ? or * to list all spells.
You don't have enough magic to cast this spell.
The bullfrog hits you. The bullfrog barely misses you.
You closely miss the bullfrog.
The bullfrog is moderately wounded.
The bullfrog hits you. The bullfrog hits you!
* * * LOW HITPOINT WARNING * * *
You barely miss the bullfrog.
The bullfrog is moderately wounded.
The bullfrog barely misses you.
You hit the bullfrog. You bite the bullfrog.
The bullfrog is heavily wounded.
The bullfrog hits you.
* * * LOW HITPOINT WARNING * * *
The bullfrog closely misses you.
You feel better. The bullfrog hits you.
* * * LOW HITPOINT WARNING * * *
The bullfrog hits you but does no damage.
The bullfrog hits you but does no damage.
Casting: Teleport Other (dangerous; 3% risk of failure)
Confirm with . or Enter, or press ? or * to list all spells.
You blink.
The bullfrog hits you.
You die...

##.P#####.# #.#
#..._# #.# #.####
#.....###.# #....##
#.+.⌠P_#..#.#
####[..
#.#....#..#.## ####
#.#..P_...#..# #
#.##..#P†.##.######
#..###.........<...
..
#...@F§..####.####
# #........# #
#.[......#
#.######## #.# #.#
# #.# ## #.#
##########. #.#
#####....).....


You could see a bullfrog.

Vanquished Creatures
  8 adders
  An ufetubus (D:3)
  2 worms
  3 dart slugs
  5 orcs (D:4)
  8 endoplasms
  2 giant cockroaches (D:4)
  12 goblins
  9 hobgoblins
  7 jackals
  3 kobolds
  3 quokkas
  7 ball pythons
  4 bats
  4 frilled lizards
  6 rats
84 creatures vanquished.

Vanquished Creatures (others)
  A kobold (D:1)
  A fungus (D:2)
  A plant (D:4)
3 creatures vanquished.

Grand Total: 87 creatures vanquished

Notes
Turn   | Place    | Note
-------+----------+-------------------------------------------
     0 | D:1      | NinjaNoafa the Gnoll Warper began the quest for the Orb.
     0 | D:1      | Reached XP level 1. HP: 20/20 MP: 6/6
    53 | D:1      | Reached XP level 2. HP: 26/26 MP: 7/7
    58 | D:1      | Learned a level 2 spell: Blink
   573 | D:1      | Reached skill level 5 in Spellcasting
   573 | D:1      | Reached XP level 3. HP: 28/31 MP: 7/9
   577 | D:1      | Learned a level 3 spell: Lesser Beckoning
   581 | D:1      | Learned a level 3 spell: Teleport Other
   734 | D:2      | Reached skill level 1 in Invocations
   872 | D:2      | Reached skill level 1 in Short Blades
   872 | D:2      | Reached skill level 1 in Long Blades
   872 | D:2      | Reached skill level 1 in Axes
   872 | D:2      | Reached skill level 1 in Polearms
   872 | D:2      | Reached skill level 1 in Staves
   872 | D:2      | Reached skill level 1 in Ranged Weapons
   872 | D:2      | Reached skill level 1 in Stealth
   872 | D:2      | Reached skill level 1 in Shields
   872 | D:2      | Reached skill level 1 in Unarmed Combat
   872 | D:2      | Reached skill level 1 in Evocations
   961 | D:2      | Reached XP level 4. HP: 37/38 MP: 11/11
  1120 | D:2      | Found a faded altar of an unknown god.
  1129 | D:2      | Found a burning altar of Makhleb.
  1195 | D:2      | Identified the +0 mace of Asutuel {vorpal, rElec rN+
                  | Will+++ Str-4}
  1472 | D:3      | Found an ornate altar of the Wu Jian Council.
  1474 | D:3      | Found a shadowy altar of Dithmenos.
  1495 | D:3      | Found a glowing silver altar of Zin.
  1495 | D:3      | Found a broken altar of Ashenzari.
  1496 | D:3      | Found an opulent altar of Gozag.
  1497 | D:3      | Found a hide-covered altar of Uskayaw.
  1497 | D:3      | Found a bloodstained altar of Trog.
  1498 | D:3      | Found a glowing golden altar of the Shining One.
  1506 | D:3      | Reached skill level 1 in Conjurations
  1506 | D:3      | Reached skill level 1 in Hexes
  1506 | D:3      | Reached skill level 1 in Summonings
  1506 | D:3      | Reached skill level 1 in Necromancy
  1506 | D:3      | Reached skill level 1 in Transmutations
  1506 | D:3      | Reached skill level 1 in Fire Magic
  1506 | D:3      | Reached skill level 1 in Ice Magic
  1506 | D:3      | Reached skill level 1 in Air Magic
  1506 | D:3      | Reached skill level 1 in Earth Magic
  1506 | D:3      | Reached skill level 1 in Poison Magic
  1510 | D:3      | Learned a level 3 spell: Vhi's Electric Charge
  2078 | D:3      | Learned a level 2 spell: Searing Ray
  2103 | D:3      | Reached XP level 5. HP: 37/43 MP: 3/12
  2653 | D:3      | HP: 2/43 [adder (1)]
  2873 | D:4      | Found a snail-covered altar of Cheibriados.
  2873 | D:4      | Found a sparkling altar of Nemelex Xobeh.
  2873 | D:4      | Found a sacrificial altar of Ru.
  2880 | D:4      | Became a worshipper of Cheibriados the Contemplative
  3221 | D:4      | HP: 2/43 [bullfrog (5)]
  3224 | D:4      | Slain by a bullfrog

Illustrated notes

Levels and vault maps discovered:
D:1:      dpeg_arrival_radiant, layout_rooms, minmay_heptomino_l4
D:2:      layout_rooms, ebering_ecumenical_altar_hall, basic_altar,
          chequers_serial_rivers_large_a, dreamdust_mushroom_princess
D:3:      minmay_razor_zed, layout_basic, grunt_temple_overflow_open,
          minmay_unequal
D:4:      layout_rooms, gammafunk_temple_overflow_forgotten, kennysheep_mini,
          minmay_temple_entry_grid, kennysheep_generic_room_7, uniq_menkaure

Skill      XL: |  1  2  3  4  5 |
---------------+----------------+-----
Spellcasting   | 5 |  5.2
Invocations    | 1 |  1.9
Short Blades   | 1 |  1.6
Long Blades    | 1 |  1.6
Axes           | 1 |  1.6
Polearms       | 1 |  1.6
Staves         | 1 |  1.6
Ranged Weapons | 1 |  1.6
Stealth        | 1 |  1.6
Shields        | 1 |  1.6
Unarmed Combat | 1 |  1.6
Evocations     | 1 |  1.6
Conjurations   | 1 |  1.3
Hexes          | 1 |  1.3
Summonings     | 1 |  1.3
Necromancy     | 1 |  1.3
Transmutations | 1 |  1.3
Fire Magic     | 1 |  1.3
Ice Magic      | 1 |  1.3
Air Magic      | 1 |  1.3
Earth Magic    | 1 |  1.3
Poison Magic   | 1 |  1.3
Throwing       | 3 |  3.1
Armour         | 3 |  3.1
Fighting       | |  4.8
Maces & Flails | |  4.8
Dodging        | |  4.8
Translocations | |  5.6

Action                   |  1- 3 |  4- 6 || total
-------------------------+-------+-------++-------
Melee: Mace              |    12 |       ||    12
       Bite              |     5 |    13 ||    18
       Punch             |     3 |     3 ||     6
       Flail             |    83 |    77 ||   160
       Staff             |       |    58 ||    58
Throw: Boomerang         |    21 |    27 ||    48
 Cast: Blink             |     1 |     9 ||    10
       Lesser Beckoning  |     1 |     2 ||     3
       Teleport Other    |     1 |     2 ||     3
       Vhi's Electric Ch |       |    22 ||    22
       Searing Ray       |       |     6 ||     6
  Use: Potion            |       |     4 ||     4
 Stab: Sleeping          |     1 |       ||     1
Armor: Leather armour    |    40 |    14 ||    54
       Robe              |       |    14 ||    14
Dodge: Dodged            |    79 |   129 ||   208

Table legend: (Time is in decaauts)
 A = Elapsed time spent in this place.
 B = Non-inter-level travel time spent in this place.
 C = Inter-level travel time spent in this place.
 D = Time resting spent in this place.
 E = Time spent auto-exploring this place.
 F = Levels seen in this place.
 G = Mean time per level.
                   A        B        C        D        E       F      G
               +--------+--------+--------+--------+--------+-----+--------+
         Total |   3316 |   3247 |     69 |      0 |   2409 |   4 |  829.0 |
       Dungeon |   3316 |   3247 |     69 |      0 |   2409 |   4 |  829.0 |
               +--------+--------+--------+--------+--------+-----+--------+

Top non-repeatable levels by time:
     D:3: 1436 daAuts
     D:1: 807 daAuts
     D:2: 658 daAuts
     D:4: 413 daAuts
